 Dungeon Crawl Stone Soup version 0.20-a0-1089-g3fde505 (webtiles) character file.

87 Alarkh the Chopper (level 4, 32/35 HPs)
             Began as a Demonspawn Berserker on May 3, 2017.
             Was a Believer of Trog.
             Got out of the dungeon alive.
             The game lasted 00:01:12 (1691 turns).

Alarkh the Chopper (Demonspawn Berserker)           Turns: 1691, Time: 00:01:13

Health: 32/35      AC:  2    Str: 17    XL:     4   Next: 28%
Magic:  4/4        EV: 12    Int:  9    God:    Trog [**....]
Gold:   45         SH:  0    Dex: 13    Spells: 3/3 levels left

rFire    . . .     SeeInvis .   a - +0 hand axe
rCold    . . .     Gourm    .   (no shield)
rNeg     . . .     Faith    .   b - +0 animal skin
rPois    .         Spirit   .   (no helmet)
rElec    .         Reflect  .   (no cloak)
rCorr    .         Harm     .   (no gloves)
MR       .....                  (no boots)
Stlth    ++........             (no amulet)
Regen    0.2/turn               (no ring)
MPRegen  0.1/turn               (no ring)

@: no status effects
A: demonic guardian 1, nightstalker 1, sanguine armour 1
a: Berserk, Trog's Hand, Burn Spellbooks, Renounce Religion


You escaped.
You worshipped Trog.
Trog was pleased with you.
You were not hungry.

You visited 1 branch of the dungeon, and saw 2 of its levels.

You collected 45 gold pieces.

Inventory:

Hand Weapons
 a - a +0 hand axe (weapon)
Armour
 b - a +0 animal skin (worn)
Scrolls
 e - a scroll of fog {unknown}
 g - 2 scrolls of identify {unknown}
 j - 2 scrolls of enchant weapon {unknown}
 l - a scroll of remove curse {unknown}
 m - a scroll of immolation {unknown}
 p - 3 scrolls of magic mapping {unknown}
Potions
 f - a potion of curing {unknown}
 k - a potion of magic {unknown}
 o - 2 potions of mutation {unknown}
Comestibles
 c - 2 bread rations
 d - a royal jelly
 h - 2 meat rations
 i - 5 fruits
 n - 3 chunks of flesh


   Skills:
 - Level 3.0 Fighting
 + Level 4.6 Axes
 - Level 1.7 Armour
 - Level 1.7 Dodging


You had 3 spell levels left.
You didn't know any spells.

Dungeon Overview and Level Annotations

Branches:
Dungeon (2/15)

Altars:


Innate Abilities, Weirdness & Mutations

A weak demonic guardian rushes to your aid.
You are slightly more attuned to the shadows.
When seriously injured, your bleeding wounds create armour. (AC +0)


Message History

The bat is moderately wounded.
The bat hits you but does no damage.
You barely miss the bat.
The bat is moderately wounded.
The bat barely misses you.
You hit the bat.
You kill the bat!
Trog accepts your kill.
No target in view!
You see here a stone.
There is a stone staircase leading up here.
You climb upwards.
There is a stone staircase leading down here.
Unknown command.
There is a stone staircase leading down here.
There is an open door here.
There is a fountain of clear blue water here.
There is a staircase leading out of the dungeon here.
Are you sure you want to leave the Dungeon?
This will make you lose the game!
You have escaped!

####>............+...
#..###.######.#...
#.................
########.....###.#..####
#...##...##...##.#..#
#.#.........#.#.....####
#.##..#'#..##.#.........
#..####⌠####............
#8..++⌠@⌠''..8..........
#..####⌠####............
#.##..#'#..##.#.##.#####
#.#.........#.#....#
#####....#....#...#.####
#.....#..####...###.#### ###
#.......## ###.....#..# #..
#.....####### #####.#..# #..
##....##....#######.#..###..


There were no monsters in sight!

Vanquished Creatures
  3 adders (D:2)
  An ooze (D:1)
  A worm (D:2)
  A dart slug (D:2)
  A leopard gecko (D:1)
  2 giant cockroaches (D:1)
  6 goblins
  8 hobgoblins
  6 jackals
  6 kobolds
  4 bats
  3 frilled lizards (D:1)
  4 rats
46 creatures vanquished.

Notes
Turn   | Place    | Note
-------+----------+-------------------------------------------
     0 | D:1      | Alarkh the Demonspawn Berserker began the quest for the Orb.
     0 | D:1      | Reached XP level 1. HP: 18/18 MP: 1/1
    41 | D:1      | Reached skill level 3 in Axes
   165 | D:1      | Gained mutation: You are slightly more attuned to the shadows. [demonic ancestry]
   165 | D:1      | Reached XP level 2. HP: 20/24 MP: 2/2
   772 | D:1      | Gained mutation: When seriously injured, your bleeding wounds create armour. (AC +0) [demonic ancestry]
   772 | D:1      | Reached XP level 3. HP: 21/29 MP: 3/3
   932 | D:1      | Reached ** piety under Trog
  1275 | D:1      | Reached skill level 4 in Axes
  1534 | D:2      | Gained mutation: A weak demonic guardian rushes to your aid. [demonic ancestry]
  1534 | D:2      | Reached XP level 4. HP: 35/35 MP: 4/4
  1691 | D:$      | Got out of the dungeon alive.

Vault maps used:
D:1:      grunt_arrival_crossed_arrows
D:2:      first_bread

Skill      XL: |  1  2  3 |
---------------+----------+-----
Axes           | 3 4 |  4.6
Fighting       | |  3.0
Armour         | |  1.7
Dodging        | |  1.7

Action                   |  1- 3 |  4- 6 || total
-------------------------+-------+-------++-------
Melee: Hand axe          |    99 |    17 ||   116
Invok: Berserk           |     2 |       ||     2
  Eat: Chunk             |     3 |     1 ||     4
Armor: Animal skin       |    20 |    10 ||    30
Dodge: Dodged            |    83 |    19 ||   102
